 Dungeon Sprint DCSS version 0.28-a0-206-gc2c9e32840 (webtiles) character file.

Game seed: 2800038016325163180

637 MikeHunt the Thrower (level 7, -3/58 HPs)
             Began as a Demonspawn Hunter on Aug 21, 2021.
             Was a Priest of Cheibriados.
             Killed by divine providence
             ... invoked by a meliai
              (17 damage)
             ... in the Dungeon (Sprint IX: "|||||||||||||||||||||||||||||").
             The game lasted 00:03:28 (359 turns).

MikeHunt the Thrower (Demonspawn Hunter)             Turns: 359, Time: 00:03:28

Health: -3/58      AC: 15    Str: 21    XL:     7   Next: 25%
Magic:  12/12      EV: 11    Int: 19    God:    Cheibriados [***...]
Gold:   0          SH:  4    Dex: 21    Spells: 6/6 levels left

rFire   . . .      SeeInvis .   t - +2 dire flail (vorpal)
rCold   . . .      Faith    .   (shield currently unavailable)
rNeg    . . .      Spirit   .   p - +1 chain mail
rPois   .          Reflect  .   o - +0 helmet
rElec   .          Harm     .   (no cloak)
rCorr   .          Rampage  .   n - +0 pair of gloves
Will    .....      NoTele   +   (no boots)
Stlth   ..........              (no amulet)
HPRegen 0.19/turn               (no ring)
MPRegen 0.13/turn               (no ring)

@: very slightly contaminated, invisible, very slow
A: talons 2, yellow scales 1, condensation shield
a: Renounce Religion, Bend Time, Temporal Distortion


You were in the Dungeon.
You worshipped Cheibriados.
Cheibriados was most pleased with you.
You visited 1 branch

Inventory:

Hand Weapons
 a - a +0 short sword
 m - a +2 rapier of venom
 s - a +3 war axe of freezing
 t - a +2 vorpal dire flail (weapon)
Missiles
 c - 4 poisoned darts (quivered)
 d - 2 throwing nets
Armour
 b - a +0 leather armour
 n - a +0 pair of gloves (worn)
 o - a +0 helmet (worn)
 p - a +1 chain mail (worn)
Jewellery
 q - a +2 ring of evasion
 r - a +3 ring of strength
Wands
 l - a wand of iceblast (10)
Scrolls
 j - 2 scrolls of blinking
Potions
 e - 5 potions of curing
 g - a potion of haste
 h - 4 potions of magic
 i - a potion of berserk rage


   Skills:
 + Level 6.0 Fighting
 + Level 5.0 Maces & Flails
 - Level 9.0 Throwing
 + Level 5.0 Armour
 + Level 5.5 Dodging
 - Level 0.8 Stealth
 + Level 7.5 Invocations
 + Level 2.0 Evocations


You had 6 spell levels left.
You didn't know any spells.
Your spell library was empty.

Dungeon Overview and Level Annotations

Branches:
Dungeon (1/1)

Altars:
Cheibriados
Dithmenos
Elyvilon
Fedhas
Gozag
Hepliaklqana
Kikubaaqudgha
Makhleb
Nemelex Xobeh
Okawaru
Qazlal
Ru
Sif Muna
Trog
Uskayaw
Vehumet
Wu Jian
Xom
Yredelemnul
Zin
The Shining One
Beogh
Jiyva
Lugonu


Innate Abilities, Weirdness & Mutations

You have razor-sharp toenails.
You are partially covered in yellow scales. (AC +2)
A meltable shield of frost defends you. (SH +4)


Message History

The manticore is moderately wounded.
The javelin pierces through the death knight!!
The death knight is heavily wounded.
The javelin barely misses the death knight.
The javelin barely misses the meliai.
The death knight reflects your damage back at you!
The death knight offers itself to Yredelemnul, and fills with unholy energy.
The acid dragon barely misses you. The acid dragon claws you.
Okay, then.
Unknown command.
Okay, then.
Unknown command.
Okay, then.
Unknown command.
You fade into invisibility!
The manticore flicks its tail.
The volley of spikes hits the kobold demonologist!
The kobold demonologist dies!
The acid dragon bites you.
* * * LOW HITPOINT WARNING * * *
The acid dragon barely misses you.
You are very lightly contaminated with residual magic.
Your Fighting skill increases to level 6!
Your Maces & Flails skill increases to level 5!
Your Armour skill increases to level 5!
Your Invocations skill increases to level 7!
Your Evocations skill gained 2 levels and is now at level 2!
You have reached level 7!
Your demonic ancestry asserts itself...
Yellow scales grow over part of your body.
Unknown command.
You hit the acid dragon.
You kill the acid dragon!
Cheibriados appreciates the change of pace.
You can now warp the flow of time around you.
Cheibriados raises the support of your attributes as your movement slows.
The acid dragon scales are intact enough to wear.
The meliai calls down the wrath of its god upon you.
Something smites you!
You die...

▓(▓
▓y▓
▓p▓
▓p▓
▓H▓
▓)▓
▓[▓
▓@▓
▓.▓
▓.▓
▓.▓
▓)▓
▓)▓
▓'▓
▓.▓
▓.▓


You could see 2 death knights, a manticore and a meliai.

Vanquished Creatures
  2 acid dragons (D)
  An orc warrior (D)
  An ogre (D)
  A kobold brigand (D)
  A gnoll sergeant (D)
  A killer bee (D)
  An ufetubus (D)
  An adder zombie (D)
  An orc (D)
  A giant cockroach (D)
  2 quokkas (D)
  A ball python (D)
  A bat (D)
  A frilled lizard (D)
  A quokka zombie (D)
17 creatures vanquished.

Vanquished Creatures (others)
  A kobold demonologist (D)
1 creature vanquished.

Grand Total: 18 creatures vanquished

Notes
Turn   | Place    | Note
-------+----------+-------------------------------------------
     0 | D        | MikeHunt the Demonspawn Hunter began the quest for the Orb.
     0 | D        | Reached XP level 1. HP: 16/16 MP: 1/1
     5 | D        | Reached skill level 4 in Throwing
    99 | D        | Noticed an ogre
   101 | D        | Reached skill level 5 in Throwing
   102 | D        | Gained mutation: You have sharp toenails. [demonic
                  | ancestry]
   102 | D        | Reached XP level 2. HP: 22/22 MP: 2/2
   103 | D        | Killed an ogre
   104 | D        | Reached skill level 9 in Throwing
   104 | D        | Reached XP level 3. HP: 27/27 MP: 3/3
   104 | D        | Gained mutation: You have razor-sharp toenails. [demonic
                  | ancestry]
   104 | D        | Reached XP level 4. HP: 33/33 MP: 4/4
   111 | D        | Found a snail-covered altar of Cheibriados.
   111 | D        | Found a shadowy altar of Dithmenos.
   111 | D        | Found a blossoming altar of Fedhas.
   111 | D        | Found an opulent altar of Gozag.
   112 | D        | Found a hazy altar of Hepliaklqana.
   113 | D        | Found a viscous altar of Jiyva.
   114 | D        | Found an ancient bone altar of Kikubaaqudgha.
   115 | D        | Became a worshipper of Cheibriados the Contemplative
   116 | D        | Found a corrupted altar of Lugonu.
   117 | D        | Found a burning altar of Makhleb.
   118 | D        | Found a sparkling altar of Nemelex Xobeh.
   119 | D        | Found an iron altar of Okawaru.
   120 | D        | Found a stormy altar of Qazlal.
   121 | D        | Found a sacrificial altar of Ru.
   122 | D        | Found a shimmering blue altar of Sif Muna.
   123 | D        | Found a bloodstained altar of Trog.
   124 | D        | Found a hide-covered altar of Uskayaw.
   125 | D        | Found a radiant altar of Vehumet.
   126 | D        | Found an ornate altar of the Wu Jian Council.
   127 | D        | Found a shimmering altar of Xom.
   128 | D        | Found a basalt altar of Yredelemnul.
   193 | D        | Noticed an orc warrior
   193 | D        | Noticed an acid dragon
   193 | D        | Noticed a kobold brigand
   193 | D        | Noticed a gnoll sergeant
   197 | D        | Killed an acid dragon
   198 | D        | Reached XP level 5. HP: 42/42 MP: 4/8
   198 | D        | Reached * piety under Cheibriados
   199 | D        | Reached ** piety under Cheibriados
   200 | D        | Reached skill level 5 in Invocations
   200 | D        | Gained mutation: A meltable shield of frost defends you.
                  | (SH +4) [demonic ancestry]
   200 | D        | Reached XP level 6. HP: 29/49 MP: 4/10
   208 | D        | Reached skill level 5 in Fighting
   209 | D        | Killed an orc warrior
   210 | D        | Reached skill level 5 in Dodging
   351 | D        | Noticed a meliai
   351 | D        | Noticed a death knight
   351 | D        | Noticed a death knight
   351 | D        | Noticed a manticore
   351 | D        | Noticed a kobold demonologist
   351 | D        | Noticed an acid dragon
   358 | D        | Killed a kobold demonologist
   359 | D        | Reached skill level 5 in Maces & Flails
   359 | D        | Reached skill level 5 in Armour
   359 | D        | Gained mutation: You are partially covered in yellow
                  | scales. (AC +2) [demonic ancestry]
   359 | D        | Reached XP level 7. HP: 14/58 MP: 12/12
   359 | D        | Reached *** piety under Cheibriados
   359 | D        | Killed from afar by a meliai

Illustrated notes

Levels and vault maps discovered:
D:        linesprint [early_d, line_temple, items_1, d_10, items_2, lair_1,
          lair_end, items_3, orc_1, orc_end, items_4, d_15, swamp_1, shoals_1,
          snake_1, spider_1, d_20, vaults_1, items_5, swamp_end, shoals_end,
          snake_end, spider_end, vaults_end, d_27, items_6, zot_1, zot_end,
          crypt_end, forest_end, elf_end, slime_end, tomb_end, abyss_end,
          pan_hell_end]

Skill      XL: |  1  2  3  4  5  6 |
---------------+-------------------+-----
Throwing       | 5 9 |  9.0
Fighting       | 3 4 6 |  6.0
Maces & Flails | 2 3 5 |  5.0
Armour         | 2 3 5 |  5.0
Dodging        | 3 4 5 |  5.5
Invocations    | 4 5 7 |  7.5
Evocations     | 2 |  2.0
Stealth        | |  0.8

Action                   |  1- 3 |  4- 6 |  7- 9 || total
-------------------------+-------+-------+-------++-------
Melee: Short sword       |     9 |       |       ||     9
       Dire flail        |       |     7 |     1 ||     8
       Kick              |       |     3 |       ||     3
Throw: Javelin           |     5 |     9 |       ||    14
       Throwing net      |       |     2 |       ||     2
  Use: Potion            |       |     4 |       ||     4
 Stab: Held in net/web   |       |     1 |       ||     1
Armor: Leather armour    |     2 |       |       ||     2
       Chain mail        |       |     5 |       ||     5
Dodge: Dodged            |     5 |     6 |       ||    11
Block: Other             |       |     2 |       ||     2

Table legend: (Time is in decaauts)
 A = Elapsed time spent in this place.
 B = Non-inter-level travel time spent in this place.
 C = Inter-level travel time spent in this place.
 D = Time resting spent in this place.
 E = Time spent auto-exploring this place.
 F = Levels seen in this place.
 G = Mean time per level.
                   A        B        C        D        E       F      G
               +--------+--------+--------+--------+--------+-----+--------+
         Total |    376 |    376 |      0 |    211 |      0 |   1 |  376.0 |
       Dungeon |    376 |    376 |      0 |    211 |      0 |   1 |  376.0 |
               +--------+--------+--------+--------+--------+-----+--------+

Top non-repeatable levels by time:
       D: 376 daAuts
